 Dungeon Crawl Stone Soup version 0.27-a0-1202-ge72e49191c (webtiles) character file.

Game seed: 15603808954948984251

6234 avis the Reanimator (level 10, -3/87 HPs)
             Began as a Deep Dwarf Necromancer on June 3, 2021.
             Was a Believer of Makhleb.
             Slain by a komodo dragon (21 damage)
             ... on level 1 of the Lair of Beasts.
             The game lasted 01:08:07 (8585 turns).

avis the Reanimator (Deep Dwarf Necromancer)        Turns: 8585, Time: 01:08:07

Health: -3/87      AC: 17    Str: 14    XL:     10   Next: 62%
Magic:  10/15      EV: 11    Int: 19    God:    Makhleb [**....]
Gold:   170        SH:  7    Dex: 16    Spells: 6/15 levels left

rFire    . . .     SeeInvis .   a - +2 war axe (vamp)
rCold    . . .     Faith    .   u - +2 buckler
rNeg     . . .     Spirit   .   t - +3 ring mail
rPois    .         Reflect  .   J - +2 helmet
rElec    +         Harm     .   I - +2 cloak
rCorr    +         Rampage  .   i - +1 pair of gloves of Zugodd {*Slow rElec Str+2 Dex+3}
Will     ++...                  (no boots)
Stlth    ++........             v - amulet of magic regeneration
HPRegen  0.00/turn              g - ring "Xouhycs" {rElec Will+ rCorr}
MPRegen  0.39/turn              (no ring)

@: slowed, very slow
A: damage resistance, heal wounds, sense surroundings 2, no regeneration
a: Heal Wounds, Renounce Religion, Minor Destruction


You were on level 1 of the Lair of Beasts.
You worshipped Makhleb.
Makhleb was pleased with you.
You visited 3 branches of the dungeon, and saw 11 of its levels.

You collected 615 gold pieces.
You spent 445 gold pieces at shops.

Inventory:

Hand Weapons
 a - a +2 vampiric war axe (weapon)
 b - a +6 broad axe of electrocution
 w - the +7 war axe of the Spectre {venom, *Slow Int+3 Dex+3}
   (You found it on level 8 of the Dungeon)

   It poisons the flesh of those it strikes.
   It affects your intelligence (+3).
   It affects your dexterity (+3).
   It may slow you when you take damage.
Missiles
 B - 50 poisoned darts
 H - a throwing net
 Q - 8 boomerangs
Armour
 i - the +1 pair of gloves of Zugodd (worn) {*Slow rElec Str+2 Dex+3}
   (You found it on level 5 of the Dungeon)

   It affects your strength (+2).
   It affects your dexterity (+3).
   It insulates you from electricity.
   It may slow you when you take damage.
 t - a +3 ring mail (worn)
 u - a +2 buckler (worn)
 I - a +2 cloak (worn)
 J - a +2 helmet (worn)
Jewellery
 g - the ring "Xouhycs" (left hand) {rElec Will+ rCorr}
   (You acquired it on level 1 of the Dungeon)

   [ring of willpower]

   It insulates you from electricity.
   It protects you from acid and corrosion.
   It increases your willpower.
 j - an amulet of the acrobat
 v - an amulet of magic regeneration (around neck)
Wands
 d - a wand of polymorph (2)
 G - a wand of flame (44)
 N - a wand of charming (12)
Scrolls
 c - a scroll of enchant armour {unknown}
 k - a scroll of teleportation
 n - a scroll of immolation
 r - a scroll of fog
 z - 4 scrolls of blinking
 D - a scroll of fear
Potions
 e - 3 potions of cancellation
 f - 9 potions of curing
 h - 2 potions of might
 l - a potion of flight
 m - a potion of magic {unknown}
 o - 2 potions of lignification
 A - a potion of resistance {unknown}
 F - a potion of haste {unknown}
 T - a potion of mutation {unknown}


   Skills:
 + Level 4.8 Fighting
 + Level 9.8 Axes
 - Level 5.0 Armour
 - Level 2.1 Dodging
 - Level 4.0 Stealth
 - Level 4.0 Shields
 - Level 3.0 Spellcasting
 - Level 10.0 Necromancy
 * Level 7.1 Invocations


You had 6 spell levels left.
You knew the following spells:

 Your Spells              Type           Power      Damage    Failure   Level
a - Pain                  Necr           100%       1d9       1%          1
d - Vampiric Draining     Necr           20%        2d8       1%          3
A - Agony                 Necr           40%        N/A       13%         5

Your spell library contained the following spells:

 Spells                   Type           Power      Damage    Failure   Level
 Animate Skeleton         Necr           80%        N/A       1%          1
 Animate Dead             Necr           20%        N/A       4%          4
 Beastly Appendage        Tmut           4%         N/A       28%         1
 Magic Dart               Conj           8%         1d3       28%         1
 Shock                    Conj/Air       8%         1d3       28%         1
 Poisonous Vapours        Pois/Air       4%         N/A       41%         2
 Searing Ray              Conj           4%         3d3       41%         2
 Static Discharge         Conj/Air       2%         N/A       41%         2
 Wereblood                Tmut           2%         N/A       41%         2
 Conjure Flame            Conj/Fire      2%         6-21      65%         3
 Dazzling Flash           Conj/Hex       4%         N/A       65%         3
 Mephitic Cloud           Conj/Pois/Air  2%         N/A       65%         3
 Spider Form              Tmut/Pois      1%         N/A       65%         3
 Swiftness                Air            2%         N/A       65%         3
 Airstrike                Air            1%         N/A       96%         4
 Fulminant Prism          Conj/Hex       1%         3d6       96%         4
 Ice Form                 Ice/Tmut       2%         N/A       96%         4
 Iskenderun's Mystic Bla  Conj/Tloc      2%         2d3       96%         4
 Hydra Form               Tmut           1%         N/A       100%        5
 Lightning Bolt           Conj/Air       1%         1d12      100%        5
 Freezing Cloud           Conj/Ice/Air   1%         6-21      100%        6


Dungeon Overview and Level Annotations

Branches:
Dungeon (8/15)             Temple (1/1) D:4            Lair (2/6) D:8
  Swamp: Lair:2-4    Shoals: Lair:2-4     Snake: Lair:2-4    Spider: Lair:2-4

Altars:
Ashenzari
Cheibriados
Dithmenos
Fedhas
Gozag
Hepliaklqana
Kikubaaqudgha
Makhleb
Nemelex Xobeh
Okawaru
Qazlal
Ru
Sif Muna
Trog
Uskayaw
Vehumet
Wu Jian
Xom
Yredelemnul
Zin
The Shining One
Lugonu

Shops:
D:1 (   D:6 (

Annotations:
D:7 2 transporters


Innate Abilities, Weirdness & Mutations

You are resistant to damage.
You can heal yourself by infusing magical energy.
You passively map the area around you.
You do not regenerate.


Message History

The wolf bites you. The yak barely misses you.
The komodo dragon closely misses you.
You barely miss the komodo dragon.
The komodo dragon is severely wounded.
You hit the wolf.
You feel better.
You hit the yak.
You feel better. The wolf closely misses you.
The wolf bites you but does no damage. The yak barely misses you.
The komodo dragon bites you!
* * * LOW HITPOINT WARNING * * *
You slash the wolf!
You kill the wolf!
Makhleb accepts your kill.
You feel better.
You barely miss the yak. You completely miss the komodo dragon.
The komodo dragon bites you.
* * * LOW HITPOINT WARNING * * *
You closely miss the komodo dragon.
The komodo dragon is severely wounded.
You closely miss the yak. You hit the yak.
You block the komodo dragon's attack. The yak gores you but does no damage.
The yak gores you.
* * * LOW HITPOINT WARNING * * *
You feel yourself slow down.
Casting: Vampiric Draining (safe; 1% risk of failure)
Confirm with . or Enter, or press ? or * to list all spells.
Aiming: Vampiric Draining (safe; 1% risk of failure)
Press: ? - help, Shift-Dir - straight line, f - yak
Aim: a yak (moderately wounded)
You draw life force from the yak.
You feel life coursing into your body.
The komodo dragon bites you but does no damage.
You block the yak's attack. x2
Casting: Vampiric Draining (safe; 1% risk of failure)
Confirm with . or Enter, or press ? or * to list all spells.
Aiming: Vampiric Draining (safe; 1% risk of failure)
Press: ? - help, Shift-Dir - straight line, f/p - yak
Aim: a yak (heavily wounded)
You draw life force from the yak!
You feel life coursing into your body. The komodo dragon barely misses you.
The yak barely misses you. The yak gores you!
* * * LOW HITPOINT WARNING * * *
The komodo dragon bites you!!
You die...

###...### # ##.......##
###.........## #............##
#....#...##...##
...##..8.###...## ###
..####...####...##### ##P### ##
..# #.....# #..Y#...###....## ##.
.8###..8..# #8YY@...........###..
..##......# #).l#...♣♣♣..........
...###...####...#..♣# #♣.........
...###.8.###...#...♣ ♣.........
#...#.....#........♣# #♣.........
....................♣♣♣....##....
.##.........##.............##....
...#.......##...#.....P..[.##....
...###...#.#...........##........


You could see a komodo dragon and 3 yaks.

Vanquished Creatures
  2 torpor snails (Lair:1)
  2 cane toads
  A komodo dragon (Lair:1)
  Prince Ribbit (D:8)
  A wraith (D:5)
  A wyvern (D:6)
  12 yaks
  A swamp worm (D:8)
  2 water moccasins
  An ice beast (D:6)
  2 necrophages
  A sky beast (D:7)
  3 wolves (Lair:1)
  7 bullfrogs
  A kobold brigand (D:8)
  A gnoll sergeant (D:7)
  3 scorpions
  A water moccasin zombie (D:5)
  A wyvern skeleton (D:7)
  2 water moccasin skeletons (D:6)
  3 wights (D:7)
  A centaur zombie (D:8)
  3 hounds
  A jelly (D:8)
  A centaur skeleton (D:6)
  2 iguanas
  Natasha (thrice) (D:4)
  3 orc wizards
  3 killer bee zombies
  A hound skeleton (D:5)
  Robin (D:4)
  5 gnolls (D:7)
  4 adders
  A white imp (D:5)
  An ufetubus (D:4)
  An adder skeleton (D:4)
  A worm (D:3)
  A dart slug (D:3)
  11 orcs
  4 bats
  3 endoplasms
  3 giant cockroaches
  15 goblins
  8 hobgoblins
  12 jackals
  7 kobolds
  4 quokkas
  3 ball pythons
  7 frilled lizards (D:1)
  4 rats
163 creatures vanquished.

Vanquished Creatures (others)
  5 fungi (D:8)
  7 plants
12 creatures vanquished.

Grand Total: 175 creatures vanquished

Notes
Turn   | Place    | Note
-------+----------+-------------------------------------------
     0 | D:1      | avis the Deep Dwarf Necromancer began the quest for the
                  | Orb.
     0 | D:1      | Reached XP level 1. HP: 15/15 MP: 3/3
   146 | D:1      | You fall into a shaft and drop 1 floor!
   205 | D:2      | Reached XP level 2. HP: 16/22 MP: 1/5
   489 | D:1      | Found a faded altar of an unknown god.
   561 | D:1      | Reached skill level 5 in Necromancy
   609 | D:1      | Reached XP level 3. HP: 16/28 MP: 1/6
   614 | D:1      | Learned a level 3 spell: Vampiric Draining
   823 | D:1      | Found Pent's Weapon Shoppe.
  1899 | D:3      | Reached XP level 4. HP: 36/36 MP: 2/7
  2612 | D:3      | Reached XP level 5. HP: 42/42 MP: 1/8
  2727 | D:3      | You fall into a shaft and drop 3 floors!
  2926 | D:7      | Noticed a sky beast
  2940 | D:7      | Killed a sky beast
  2941 | D:7      | Reached skill level 6 in Necromancy
  2967 | D:7      | Noticed a necrophage
  3032 | D:7      | Noticed a phantom
  3067 | D:7      | Reached XP level 6. HP: 25/49 MP: 10/10
  3138 | D:6      | Noticed a wraith
  3208 | D:5      | Entered Level 5 of the Dungeon
  3262 | D:4      | Found a staircase to the Ecumenical Temple.
  3275 | Temple   | Entered the Ecumenical Temple
  3307 | Temple   | Became a worshipper of Makhleb the Destroyer
  3684 | D:4      | Noticed Robin
  3759 | D:4      | Killed Robin
  3781 | D:4      | Noticed Natasha
  3793 | D:4      | Killed Natasha
  3836 | D:4      | Reached skill level 7 in Necromancy
  3836 | D:4      | Reached XP level 7. HP: 52/55 MP: 7/11
  4197 | D:1      | Bought a +2 vampiric war axe for 247 gold pieces
  4334 | D:4      | Noticed Natasha
  4347 | D:4      | Killed Natasha
  4353 | D:4      | Noticed Natasha
  4363 | D:4      | Killed Natasha
  4364 | D:4      | Reached skill level 1 in Axes
  4455 | D:4      | Reached * piety under Makhleb
  4801 | D:5      | Reached skill level 1 in Armour
  4909 | D:5      | Identified the +1 pair of gloves of Zugodd {*Slow rElec
                  | Str+2 Dex+3}
  5404 | D:6      | Reached XP level 8. HP: 60/62 MP: 12/12
  5432 | D:6      | Reached skill level 8 in Necromancy
  5456 | D:6      | Found Fyut's Antique Weapon Boutique.
  5480 | D:6      | Reached skill level 5 in Axes
  6055 | D:7      | Found a corrupted altar of Lugonu.
  6055 | D:7      | Found a transporter.
  6055 | D:7      | Noticed a raiju
  6055 | D:7      | Noticed a white ugly thing
  6056 | D:7      | Noticed a purple ugly thing
  6056 | D:7      | Noticed a cyan ugly thing
  6298 | D:7      | Gained mutation: You passively map the area around you.
                  | [Deep Dwarf growth]
  6298 | D:7      | Reached XP level 9. HP: 68/68 MP: 13/13
  6409 | D:7      | Found a transporter.
  6499 | D:8      | Identified the +7 war axe of the Spectre {venom, *Slow
                  | Int+3 Dex+3}
  6539 | D:8      | Reached skill level 5 in Armour
  6548 | D:8      | Reached skill level 9 in Necromancy
  6580 | D:8      | Found a staircase to the Lair.
  6665 | D:8      | Reached ** piety under Makhleb
  6810 | D:8      | Reached skill level 1 in Fighting
  6810 | D:8      | Reached skill level 1 in Invocations
  7078 | D:8      | Noticed Prince Ribbit
  7085 | D:8      | Learned a level 5 spell: Agony
  7098 | D:8      | Killed Prince Ribbit
  7319 | D:1      | Bought a +2 vorpal broad axe for 198 gold pieces
  7343 | D:1      | Identified a scroll of acquirement
  7343 | D:1      | Acquired the ring "Xouhycs" {rElec Will+ rCorr}
  7551 | Lair:1   | Entered Level 1 of the Lair of Beasts
  7672 | D:8      | Reached XP level 10. HP: 76/84 MP: 2/14
  7783 | Lair:1   | Noticed a cane toad
  7792 | Lair:1   | Killed a cane toad
  7793 | Lair:1   | Reached skill level 10 in Necromancy
  8066 | Lair:1   | Reached skill level 5 in Invocations
  8195 | Lair:1   | Found a snail-covered altar of Cheibriados.
  8205 | Lair:1   | Noticed a torpor snail
  8219 | Lair:1   | Killed a torpor snail
  8327 | Lair:1   | Noticed a torpor snail
  8345 | Lair:1   | Killed a torpor snail
  8522 | Lair:2   | Noticed a cane toad
  8535 | Lair:2   | Killed a cane toad
  8585 | Lair:1   | Slain by a komodo dragon

Illustrated notes

Levels and vault maps discovered:
D:1:      amcnicky_arrival_feature_with_door, layout_rooms, serial_shops, shop,
          hellmonk_ecumenical_altar_run_dry, chequers_serial_rivers_micro_e
D:2:      layout_rooms, amethyst_killhole, serial_bayou_pond_b,
          grunt_ministairs_13, minmay_tetromino_i2
D:3:      layout_rooms
D:4:      layout_basic, minmay_temple_entry_junction, uniq_robin, uniq_natasha
D:5:      layout_rooms, minmay_crossroads
D:6:      layout_basic, serial_shops, kennysheep_little_box
D:7:      gammafunk_corrupted_shrine, layout_loops_cross, grunt_decor_cap,
          hangedman_abyss_or_decor_lesser_grid, minmay_holes, minmay_misc_feat_x
D:8:      layout_basic, dpeg_oklobed_lair, worms_lemuel, uniq_prince_ribbit1
Temple:   compressed_dpeg_triangle_lava_temple
Lair:1:   layout_hall_layers, minmay_stone_trees_small, kennysheep_snail_temple,
          grunt_megastairs_5, lemuel_fruit_fields, infiniplex_staircase_pool_2
Lair:2:   layout_chaotic_city, kennysheep_abandoned_house

Skill      XL: |  1  2  3  4  5  6  7  8  9 10 |
---------------+-------------------------------+-----
Spellcasting   | 2 3 |  3.0
Stealth        | 3 4 |  4.0
Necromancy     | 5 6 7 8 9 10 | 10.0
Shields        | 2 4 |  4.0
Axes           | 4 6 9 |  9.8
Armour         | 2 4 5 |  5.0
Fighting       | 3 4 |  4.8
Invocations    | 3 7 |  7.1
Dodging        | |  2.1

Action                   |  1- 3 |  4- 6 |  7- 9 | 10-12 || total
-------------------------+-------+-------+-------+-------++-------
Melee: Dagger            |    48 |   152 |     1 |       ||   201
       Mace              |       |    12 |       |       ||    12
       War axe           |       |       |   327 |    67 ||   394
       Broad axe         |       |       |       |     9 ||     9
 Cast: Pain              |    51 |     2 |       |    11 ||    64
       Vampiric Draining |    10 |    37 |    26 |    17 ||    90
 Abil: Heal Wounds       |       |     2 |     5 |       ||     7
Evoke: Wand              |       |       |     3 |       ||     3
  Use: Scroll            |       |     3 |    19 |     1 ||    23
 Stab: Distracted        |       |     1 |       |       ||     1
       Sleeping          |       |       |     3 |     1 ||     4
Armor: Leather armour    |    14 |    20 |       |       ||    34
       Ring mail         |       |    80 |   145 |    46 ||   271
       Skin              |       |    10 |       |       ||    10
Dodge: Dodged            |    45 |   117 |   161 |    42 ||   365
Block: Buckler           |       |    38 |   140 |    34 ||   212

Table legend: (Time is in decaauts)
 A = Elapsed time spent in this place.
 B = Non-inter-level travel time spent in this place.
 C = Inter-level travel time spent in this place.
 D = Time resting spent in this place.
 E = Time spent auto-exploring this place.
 F = Levels seen in this place.
 G = Mean time per level.
                   A        B        C        D        E       F      G
               +--------+--------+--------+--------+--------+-----+--------+
         Total |   8832 |   8005 |    827 |   1522 |   3476 |  11 |  802.9 |
       Dungeon |   7501 |   6776 |    725 |   1431 |   2649 |   8 |  937.6 |
        Temple |    421 |    406 |     15 |     10 |    335 |   1 |  421.0 |
          Lair |    910 |    823 |     87 |     81 |    492 |   2 |  455.0 |
               +--------+--------+--------+--------+--------+-----+--------+

Top non-repeatable levels by time:
     D:1: 1251 daAuts
     D:2: 1199 daAuts
     D:4: 997 daAuts
     D:7: 997 daAuts
     D:8: 930 daAuts
  Lair:1: 869 daAuts
     D:5: 788 daAuts
     D:6: 669 daAuts
     D:3: 668 daAuts
  Temple: 421 daAuts
  Lair:2: 41 daAuts
